 Dungeon Crawl Stone Soup version 0.20.0-15-g7f486f2 (webtiles) character file.

139506 dvd the Brawler (level 16, 0/141 HPs)
             Began as a Troll Transmuter on June 11, 2017.
             Was the Champion of Qazlal.
             Slain by a wolf spider (7 damage)
             ... on level 2 of the Spider Nest.
             The game lasted 02:06:45 (25336 turns).

dvd the Brawler (Troll Transmuter)                 Turns: 25336, Time: 02:06:46

Health: 0/141      AC: 20    Str: 25    XL:     16   Next: 73%
Magic:  13/27      EV: 13    Int: 16    God:    Qazlal [******]
Gold:   2016       SH: 10    Dex: 10    Spells: 18/31 levels left

rFire    + . .     SeeInvis .     - Unarmed
rCold    + + .     Gourm    +   (no shield)
rNeg     . . .     Faith    .   Q - +2 troll leather armour
rPois    +         Spirit   .   U - +2 hat
rElec    +         Reflect  +   H - +2 cloak
rCorr    .         Harm     .   (gloves unavailable)
MR       .....     Rnd*Rage +   (boots unavailable) Stlth +.........Rnd*Tele +
                                F - amulet "Rakkown" {Reflect rPois Int+2 SH+2}
Regen    1.2/turn               Z - ring "Ukoc" {rElec rF+ rC++ MR- Str+3}
MPRegen  0.2/turn               k - ring of wizardry

@: lethally poisoned (0 -> -10), protected from physical damage, very slightly
contaminated, repel missiles
A: unfitting armour, claws 3, slimy green scales 1, berserk 1, fast metabolism
3, gourmand, regeneration 1, shaggy fur 1, teleportitis 1, tough skin 2, wild
magic 1
a: Upheaval, Elemental Force, Disaster Area, Renounce Religion


You were on level 2 of the Spider Nest.
You worshipped Qazlal.
Qazlal was exalted by your worship.
You were not hungry.

You visited 6 branches of the dungeon, and saw 28 of its levels.
You visited the Abyss 1 time.
You also visited: Labyrinth and Ossuary.

You collected 2807 gold pieces.
You spent 791 gold pieces at shops.

Inventory:

Hand Weapons
 x - a +2 war axe of flaming
Missiles
 D - 61 tomahawks
 J - 8 javelins
 W - 34 large rocks
 Y - 3 poisoned tomahawks (quivered)
Armour
 z - a +0 shield
 H - a +2 cloak (worn)
 Q - a +2 troll leather armour (worn)
 U - a +2 hat (worn)
Jewellery
 e - a +5 ring of evasion
 k - a ring of wizardry (right claw)
 n - a +4 ring of intelligence
 B - an uncursed ring of see invisible
 F - the amulet "Rakkown" (around neck) {Reflect rPois Int+2 SH+2}
   (You found it on level 5 of the Dungeon)

   [amulet of reflection]

   It shields you and reflects attacks.
   It affects your intelligence (+2).
   It protects you from poison.
   It affects your SH (+2).
 O - the amulet of the Air {Inacc +Fly rElec EV+5 RMsl}
   (You found it in a labyrinth)

   [amulet of inaccuracy]

   It reduces the accuracy of all your attacks.
   It affects your evasion (+5).
   It insulates you from electricity.
   It lets you fly.
   It protects you from missiles.
 R - an uncursed ring of protection from magic
 Z - the ring "Ukoc" (left claw) {rElec rF+ rC++ MR- Str+3}
   (You found it on level 6 of the Lair of Beasts)

   [ring of protection from fire]

   It affects your strength (+3).
   It protects you from fire.
   It greatly protects you from cold.
   It insulates you from electricity.
   It affects your resistance to hostile enchantments.
Wands
 t - a wand of scattershot (8/9)
 A - a wand of lightning (5/15)
 K - a wand of iceblast (10/15)
 N - a wand of lightning (8/15)
 S - a wand of lightning (4/15)
 X - a wand of acid (10/15)
Scrolls
 f - 8 scrolls of amnesia
 g - 3 scrolls of fear
 i - 4 scrolls of recharging
 j - 6 scrolls of identify
 q - 4 scrolls of magic mapping
 s - 3 scrolls of teleportation
 y - 3 scrolls of remove curse
 C - a scroll of fog
 M - 4 scrolls of blinking
 T - 2 scrolls of holy word
Potions
 h - 4 potions of heal wounds
 l - a potion of ambrosia
 p - a potion of magic
 r - a potion of cancellation
 u - 2 potions of brilliance
 v - 5 potions of curing
 w - 4 potions of haste
 G - 7 potions of agility
 I - 2 potions of might
 V - 2 potions of flight
Books
 c - a book of Changes

   Spells                             Type                      Level
   a - Beastly Appendage              Transmutation                1
   b - Sticks to Snakes               Transmutation                2
   c - Spider Form                    Transmutation/Poison         3
   d - Ice Form                       Ice/Transmutation            4
   e - Blade Hands                    Transmutation                5
 m - a book of Alchemy

   Spells                             Type                      Level
   a - Sublimation of Blood           Necromancy                   2
   b - Ignite Poison                  Fire/Transmutation/Poison    3
   c - Petrify                        Transmutation/Earth          4
   d - Alistair's Intoxication        Transmutation/Poison         5
   e - Irradiate                      Conjuration/Transmutation    5
 P - a book of Party Tricks

   Spells                             Type                      Level
   a - Summon Butterflies             Summoning                    1
   b - Apportation                    Translocation                1
   c - Lesser Beckoning               Translocation                3
   d - Tukima's Dance                 Hexes                        3
   e - Alistair's Intoxication        Transmutation/Poison         5
   f - Invisibility                   Hexes                        6
Comestibles
 b - 8 royal jellies
 d - 21 bread rations
 o - 15 meat rations
 L - 13 fruits


   Skills:
 + Level 5.0 Fighting
 + Level 5.1 Throwing
 + Level 4.5 Armour
 + Level 8.4 Dodging
 + Level 4.1 Shields
 + Level 16.6 Unarmed Combat
 + Level 8.0 Spellcasting
 * Level 2.1 Conjurations
 + Level 2.1 Translocations
 * Level 12.3 Transmutations
 * Level 5.6 Invocations
 + Level 0.3 Evocations


You had 18 spell levels left.
You knew the following spells:

 Your Spells              Type           Power        Failure   Level  Hunger
a - Beastly Appendage     Tmut           ######       1%          1    None
b - Blade Hands           Tmut           ######....   1%          5    #####..
c - Blink                 Tloc           N/A          4%          2    None
d - Irradiate             Conj/Tmut      #####.....   10%         5    #####..


Dungeon Overview and Level Annotations

Branches:
Dungeon (15/15)            Temple (1/1) D:7            Lair (6/6) D:11
 Shoals (1/4) Lair:4       Spider (3/4) Lair:2        Slime (0/5) Lair:6
    Orc (2/2) D:9             Elf (0/3) Orc:2        Vaults (0/5) D:14
 Depths (0/5) D:15

Altars:
Ashenzari
Cheibriados
Dithmenos
Elyvilon
Fedhas
Gozag
Hepliaklqana
Kikubaaqudgha
Makhleb
Nemelex Xobeh
Okawaru
Qazlal
Ru
Sif Muna
Trog
Uskayaw
Vehumet
Xom
Yredelemnul
Zin
The Shining One
Beogh

Shops:
D:6 %   D:7 !   D:8 %:[%   D:11 !   Orc:2 *:%![(%

Portals:
Trove: D:11 (give 7 potions of agility)

Annotations:
Orc:1 1 runed door, exclusion: 4 orange crystal statues


Innate Abilities, Weirdness & Mutations

You are too large for most types of armour.
You have claws for hands.
Your metabolism is lightning-fast.
You like to eat raw meat.
Your natural rate of healing is unusually fast.
You are covered in fur. (AC +1)
You have very tough skin. (AC +2)
You are partially covered in slimy green scales. (AC +2)
You tend to lose your temper in combat.
You are occasionally teleported next to monsters.
Your spells are a little harder to cast, but a little more powerful.


Message History

The tarantella bites you!
* * * LOW HITPOINT WARNING * * *
You climb upwards.
You feel very sick.
There is a stone staircase leading down here.
Your hands revert to their normal proportions.
You feel very sick.
The wolf spider hits you but does no damage.
You block the wolf spider's attack. The redback closely misses you.
The redback barely misses you. The wolf spider hits you!
* * * LOW HITPOINT WARNING * * *
You feel more protected from physical attacks.
You block the wolf spider's attack.
The wolf spider hits you but does no damage.
The wolf spider bites you.
* * * LOW HITPOINT WARNING * * *
The redback bites you.
* * * LOW HITPOINT WARNING * * *
The wolf spider hits you!
You die...

##≈#....#..≈≈≈#....<.
##≈#≈..#.........#.#..
#≈≈≈#........##^##.#..
###..#.#.....##.....##..
##....)......#.........#.
###≈#....#..#.#...........#
##≈≈...#.§§...#.............
#≈#≈....##ss§.#.......^.....
#≈..#.....s@s#..............
##≈#.#.....#ss#.............^
#≈≈........#.§§.............^
##≈≈....#..^..#...........^^.
##≈....#.....#..............
##...........#.............
#....!....#.#^..........^.
###≈..#......#.........^.#
##≈#..^......#.........#.


You could see 3 wolf spiders and 3 redbacks.

Vanquished Creatures
  A bone dragon (Abyss:3)
  Arachne (Spider:1)
  A tentacled starspawn (Abyss:3)
  Frances (D:12)
  An orc warlord (Orc:2)
  An emperor scorpion (Spider:1)
  Louise (D:14)
  Nessos (D:14)
  Azrael (D:13)
  Josephine (D:14)
  An ettin (D:15)
  A minotaur (Lab)
  4 hydras
  3 vault guards (D:14)
  5 centaur warriors
  4 catoblepae
  8 two-headed ogres
  2 ogre magi (D:15)
  7 death yaks (Lair:6)
  2 orc high priests
  Urug (D:14)
  A deep elf knight (D:15)
  The ghost of dvd the Grappler, a novice TrTm of Qazlal (D:9)
  A wretched star (Abyss:3)
  An unseen horror (D:8)
  2 wizards (D:14)
  A deep elf archer (D:11)
  A deep troll (D:15)
  A lindwurm (Lair:4)
  5 orc knights
  3 harpies (D:13)
  3 necromancers
  6 orc sorcerers
  7 orb spiders
  3 ugly things
  25 wolf spiders
  8 cyclopes
  A deep elf mage (D:14)
  4 manticores
  An oklob plant (Lair:2)
  8 elephants
  8 slime creatures
  A salamander (shapeshifter) (D:14)
  2 centaur zombies
  A torpor snail (Lair:2)
  5 black mambas
  2 gargoyles
  6 yaktaurs
  An efreet (Abyss:3)
  8 spiny frogs
  2 rime drakes
  An ancient zyme (Abyss:3)
  6 komodo dragons
  8 demonic crawlers (Spider:1)
  2 minotaur zombies (Lab)
  2 tengu conjurers (D:14)
  20 jumping spiders
  A hornet (D:10)
  A polar bear (Lair:5)
  10 trolls
  Prince Ribbit (D:7)
  11 dream sheep
  11 hippogriffs
  12 blink frogs
  A vampire (D:13)
  An air elemental (Orc:2)
  Sigmund (D:2)
  36 redbacks
  27 tarantellas
  38 yaks
  16 humans (D:14)
  5 wraiths (D:14)
  2 wyverns
  2 basilisks
  5 large abominations (Abyss:3)
  A neqoxec (Abyss:3)
  A chaos spawn (Abyss:3)
  6 wargs
  2 hungry ghosts
  10 water moccasins
  An acid dragon (D:15)
  5 hell hounds (D:13)
  5 porcupines
  6 ice beasts
  3 black bears
  49 orc warriors
  2 phantoms
  6 wolves (Lair:6)
  A sky beast (D:13)
  11 ogres
  2 eyes of draining
  13 centaurs
  18 crocodiles
  2 big kobolds
  21 bullfrogs
  A wyvern skeleton (D:13)
  4 scorpions
  9 killer bees
  21 wights
  A bullfrog zombie (D:7)
  3 crimson imps
  18 orc priests
  9 hounds
  4 jellies
  A bullfrog skeleton (D:6)
  3 centaur skeletons
  Terence (D:2)
  3 iguanas
  30 orc wizards
  Natasha (D:4)
  13 worker ants
  2 hound zombies
  A worker ant zombie (D:11)
  A howler monkey zombie (D:7)
  11 gnolls
  6 adders
  6 shadow imps
  A white imp (Abyss:3)
  5 oozes
  2 adder skeletons
  3 worms
  3 dart slugs
  8 leopard geckos
  110 orcs
  7 bats
  7 giant cockroaches
  7 goblins
  6 hobgoblins
  19 jackals
  3 quokkas
  6 frilled lizards
  A gnoll zombie (Ossuary)
  3 hobgoblin zombies (Ossuary)
  A jackal zombie (D:9)
  19 kobolds
  A kobold zombie (Ossuary)
  A leopard gecko skeleton (D:5)
  An orc zombie (Ossuary)
  A quokka skeleton (D:6)
  7 rats
  A plant (Lair:4)
924 creatures vanquished.

Vanquished Creatures (others)
  A centaur (Lair:4)
  An orc (Orc:2)
  A bush (Lair:6)
  11 fungi
  A lurking horror (Abyss:3)
  11 plants
  2 starspawn tentacles (Abyss:3)
28 creatures vanquished.

Grand Total: 952 creatures vanquished

Notes
Turn   | Place    | Note
-------+----------+-------------------------------------------
     0 | D:1      | dvd the Troll Transmuter began the quest for the Orb.
     0 | D:1      | Reached XP level 1. HP: 18/18 MP: 1/1
    78 | D:1      | Reached XP level 2. HP: 19/26 MP: 0/3
   313 | D:1      | Reached XP level 3. HP: 32/32 MP: 4/4
   622 | D:2      | Noticed Sigmund
   635 | D:2      | Killed Sigmund
   635 | D:2      | Reached skill level 1 in Fighting
   635 | D:2      | Reached skill level 4 in Unarmed Combat
   635 | D:2      | Reached XP level 4. HP: 28/41 MP: 3/5
   635 | D:2      | Reached XP level 5. HP: 33/48 MP: 3/6
   937 | D:2      | Found a burning altar of Makhleb.
   942 | D:2      | Reached skill level 5 in Unarmed Combat
   942 | D:2      | Reached XP level 6. HP: 55/55 MP: 5/7
  1018 | D:2      | Noticed Terence
  1028 | D:2      | Killed Terence
  1068 | D:2      | Found a shattered altar of Ashenzari.
  1068 | D:2      | Found a blossoming altar of Fedhas.
  1072 | D:2      | Found a deep blue altar of Sif Muna.
  2224 | D:4      | Found an ancient bone altar of Kikubaaqudgha.
  2224 | D:4      | Found a hazy altar of Hepliaklqana.
  2395 | D:4      | Found a sand-covered staircase.
  2410 | Ossuary  | Entered an ossuary
  2417 | Ossuary  | Noticed Scuka's ghost (novice CeHu)
  2646 | D:4      | Noticed Natasha
  2652 | D:4      | Killed Natasha
  2652 | D:4      | Reached XP level 7. HP: 63/63 MP: 9/9
  2984 | D:5      | Entered Level 5 of the Dungeon
  3078 | D:5      | Reached skill level 6 in Unarmed Combat
  3679 | D:5      | Got a wavering platinum amulet
  3680 | D:5      | Identified the amulet "Rakkown" {Reflect rPois Int+2 SH+2} (You found it on level 5 of the Dungeon)
  3860 | D:6      | Reached XP level 8. HP: 71/72 MP: 8/10
  3898 | D:6      | Got a distressingly furry robe
  3909 | D:6      | Identified the +1 robe of Tomorrow {MR+} (You found it on level 6 of the Dungeon)
  4708 | D:6      | Reached skill level 1 in Throwing
  4708 | D:6      | Reached skill level 7 in Unarmed Combat
  4724 | D:6      | Found a shimmering altar of Xom.
  4785 | D:6      | Found Ejyn's Food Boutique.
  5056 | D:7      | Found an opulent altar of Gozag.
  5136 | D:7      | Found Huudghogo's Distillery.
  5413 | D:7      | Found a staircase to the Ecumenical Temple.
  5445 | Temple   | Entered the Ecumenical Temple
  5492 | Temple   | Became a worshipper of Qazlal Stormbringer
  5572 | D:7      | Found a shimmering altar of Xom.
  5645 | D:7      | Noticed a hippogriff
  5653 | D:7      | Killed a hippogriff
  5653 | D:7      | Reached skill level 8 in Unarmed Combat
  5653 | D:7      | Reached XP level 9. HP: 17/80 MP: 10/12
  5660 | D:7      | Learned a level 5 spell: Blade Hands
  5999 | D:7      | Noticed Prince Ribbit
  6007 | D:7      | Killed Prince Ribbit
  6070 | D:7      | Found a radiant altar of Vehumet.
  6083 | D:7      | Got a warped flail
  6310 | D:8      | Found Zanli's Book Shop.
  6471 | D:8      | Found Faxty's Book Shop.
  6553 | D:8      | Reached * piety under Qazlal
  6577 | D:8      | Noticed an unseen horror
  6587 | D:8      | Killed an unseen horror
  6587 | D:8      | Reached skill level 9 in Unarmed Combat
  6587 | D:8      | Reached skill level 5 in Transmutations
  6633 | D:8      | Found Ziusm's Food Emporium.
  6709 | D:8      | Found Huugij's Food Shop.
  6752 | D:8      | Reached XP level 10. HP: 73/91 MP: 14/14
  6872 | D:8      | Found Datz's Antique Armour Boutique.
  6882 | D:8      | Bought a warped robe for 171 gold pieces
  6882 | D:8      | Bought a runed cloak for 225 gold pieces
  6892 | D:8      | Identified the +1 robe "Lon Hips" {rElec rC- Str+2} (You bought it in a shop on level 8 of the Dungeon)
  7047 | D:8      | Found a snail-covered altar of Cheibriados.
  7354 | D:9      | Noticed dvd's ghost (novice TrTm)
  7375 | D:9      | Killed dvd's ghost
  7375 | D:9      | Reached skill level 5 in Dodging
  7375 | D:9      | Reached skill level 10 in Unarmed Combat
  7455 | D:9      | Found a staircase to the Orcish Mines.
  7771 | D:9      | Reached ** piety under Qazlal
  7964 | D:10     | Entered Level 10 of the Dungeon
  8012 | D:10     | Noticed a two-headed ogre
  8022 | D:10     | Killed a two-headed ogre
  8150 | D:10     | Learned a level 2 spell: Blink
  8233 | D:10     | Reached skill level 11 in Unarmed Combat
  8361 | D:10     | Reached XP level 11. HP: 97/97 MP: 14/16
  8918 | D:11     | Noticed a purple ugly thing
  8945 | D:11     | Killed a purple ugly thing
  8993 | D:10     | Reached skill level 1 in Armour
  9206 | D:11     | Reached *** piety under Qazlal
  9351 | D:11     | Found Ixaezies's Distillery.
  9420 | D:11     | Found a portal to a secret trove of treasure.
  9507 | D:11     | Found a staircase to the Lair.
  9622 | D:11     | Noticed a centaur warrior
  9629 | D:11     | Killed a centaur warrior
  9707 | D:11     | Noticed a centaur warrior
  9714 | D:11     | Killed a centaur warrior
  9901 | D:11     | Reached skill level 12 in Unarmed Combat
  9940 | D:11     | Noticed a deep elf archer
  9954 | D:11     | Killed a deep elf archer
 10044 | D:11     | Noticed a centaur warrior
 10051 | D:11     | Killed a centaur warrior
 10147 | D:11     | Reached XP level 12. HP: 84/107 MP: 12/18
 10314 | D:11     | Found an iron altar of Okawaru.
 10449 | D:11     | Bought a potion of agility for 56 gold pieces
 10449 | D:11     | Bought a potion of agility for 56 gold pieces
 10592 | D:7      | Bought a potion of agility for 56 gold pieces
 10592 | D:7      | Bought a potion of agility for 56 gold pieces
 10717 | Lair:1   | Entered Level 1 of the Lair of Beasts
 10769 | Lair:1   | Reached skill level 5 in Spellcasting
 10988 | Lair:1   | Reached **** piety under Qazlal
 11677 | Lair:2   | Found a hole to the Spider Nest.
 12154 | Lair:2   | Identified the cursed +0 flail of the Butterfly {vamp, Stlth+} (You found it on level 7 of the Dungeon)
 12443 | Lair:3   | Reached skill level 13 in Unarmed Combat
 12864 | Lair:4   | Found a staircase to the Shoals.
 13057 | Lair:4   | Reached ***** piety under Qazlal
 13081 | Lair:4   | Found a labyrinth entrance.
 13094 | Lab      | Entered a labyrinth
 13261 | Lab      | Noticed a minotaur
 13269 | Lab      | Killed a minotaur
 13283 | Lab      | Reached XP level 13. HP: 66/114 MP: 17/20
 13547 | Shoals:1 | Entered Level 1 of the Shoals
 14273 | Lair:5   | Reached skill level 1 in Translocations
 14847 | Lair:6   | Entered Level 6 of the Lair of Beasts
 15083 | Lair:6   | Reached skill level 10 in Transmutations
 15693 | Lair:6   | Found a staircase to the Slime Pits.
 16006 | Lair:6   | Reached skill level 14 in Unarmed Combat
 16046 | Lair:6   | Reached XP level 14. HP: 86/124 MP: 15/22
 16279 | Lair:6   | Got a brightly glowing bone ring
 16281 | Lair:6   | Identified the ring "Ukoc" {rElec rF+ rC++ MR- Str+3} (You found it on level 6 of the Lair of Beasts)
 16590 | Orc:1    | Entered Level 1 of the Orcish Mines
 16630 | Orc:1    | Reached ****** piety under Qazlal
 16735 | Orc:1    | Found a runed door.
 16752 | Orc:1    | Found a roughly hewn altar of Beogh.
 16806 | Orc:1    | Found a runed door.
 17391 | Orc:2    | Entered Level 2 of the Orcish Mines
 17407 | Orc:2    | Found a roughly hewn altar of Beogh.
 17607 | Orc:2    | Found Voutwir's Distillery.
 17619 | Orc:2    | Reached skill level 1 in Shields
 17644 | Orc:2    | Found a staircase to the Elven Halls.
 17664 | Orc:2    | Found a roughly hewn altar of Beogh.
 17924 | Orc:2    | Found a roughly hewn altar of Beogh.
 17930 | Orc:2    | Found Daetuir's Assorted Antiques.
 18005 | Orc:2    | Found Dumaeck's Food Shop.
 18095 | Orc:2    | Noticed an orc warlord
 18110 | Orc:2    | Killed an orc warlord
 18220 | Orc:2    | Found Abrog's Food Boutique.
 18262 | Orc:2    | Found a roughly hewn altar of Beogh.
 18325 | Orc:2    | Found a roughly hewn altar of Beogh.
 18326 | Orc:2    | Found Wuugrey's Book Emporium.
 18429 | Orc:2    | Paralysed by an orc sorcerer for 5 turns
 18456 | Orc:2    | Found Numypic's Antique Armour Emporium.
 18457 | Orc:2    | Found a roughly hewn altar of Beogh.
 18458 | Orc:2    | Found Paohetiu's Antique Weapon Shoppe.
 18474 | Orc:2    | Bought a faintly humming robe for 171 gold pieces
 18484 | Orc:2    | Identified the cursed +1 robe "Jach" {Int+2} (You bought it in a shop on level 2 of the Orcish Mines)
 18525 | Orc:2    | Learned a level 5 spell: Irradiate
 18572 | Orc:2    | Found a roughly hewn altar of Beogh.
 18746 | D:12     | Found a radiant altar of Vehumet.
 18746 | D:12     | Noticed Frances
 18754 | D:12     | Killed Frances
 19328 | D:13     | Reached skill level 15 in Unarmed Combat
 19850 | D:13     | Noticed Azrael
 19934 | D:13     | Killed Azrael
 19957 | D:13     | Reached skill level 1 in Invocations
 20261 | D:13     | Reached XP level 15. HP: 131/131 MP: 19/24
 20273 | D:13     | Gained mutation: You tend to lose your temper in combat. [mutagenic meat]
 20274 | D:13     | Gained mutation: Your flesh is heat resistant. (rF+) [mutagenic meat]
 20275 | D:13     | Gained mutation: You occasionally shout uncontrollably at your foes. [mutagenic meat]
 20276 | D:13     | Lost mutation: You occasionally shout uncontrollably at your foes. [mutagenic meat]
 20289 | D:14     | Noticed Urug
 20313 | D:14     | Noticed Louise
 20324 | D:14     | Cast into level 3 of the Abyss (Louise)
 20340 | Abyss:3  | Noticed a bone dragon
 20352 | Abyss:3  | Killed a bone dragon
 20352 | Abyss:3  | Gained mutation: You are occasionally teleported next to monsters. [a neqoxec]
 20392 | Abyss:3  | Noticed a tentacled starspawn
 20401 | Abyss:3  | Killed a tentacled starspawn
 20453 | Abyss:3  | Noticed a tentacled starspawn
 20456 | D:14     | Escaped the Abyss
 20520 | D:14     | Noticed Josephine
 20529 | D:14     | Killed Josephine
 20640 | D:14     | Killed Louise
 20703 | D:14     | Noticed Nessos
 20711 | D:14     | Killed Nessos
 20817 | D:14     | Killed Urug
 20859 | D:14     | Gained mutation: You are partially covered in slimy green scales. (AC +2) [mutagenic meat]
 20860 | D:14     | Gained mutation: Your spells are a little harder to cast, but a little more powerful. [mutagenic meat]
 20862 | D:14     | Lost mutation: Your flesh is heat resistant. (rF+) [mutagenic meat]
 21028 | D:14     | Found a blossoming altar of Fedhas.
 21230 | D:14     | Found a gate to the Vaults.
 21489 | D:15     | Entered Level 15 of the Dungeon
 21861 | D:15     | Reached skill level 16 in Unarmed Combat
 22411 | D:15     | Found a staircase to the Depths.
 22523 | D:15     | Reached XP level 16. HP: 140/140 MP: 20/26
 22803 | Spider:1 | Entered Level 1 of the Spider Nest
 23499 | Spider:2 | Noticed Arachne
 23903 | Spider:2 | Reached skill level 1 in Conjurations
 23923 | Spider:1 | Killed Arachne
 24053 | Spider:1 | Reached skill level 5 in Invocations
 24117 | Spider:1 | Reached skill level 5 in Fighting
 25139 | Spider:2 | Reached skill level 5 in Throwing
 25336 | Spider:2 | HP: 7/141 [redback (5)]
 25336 | Spider:2 | Slain by a wolf spider

Skill      XL: |  1  2  3  4  5  6  7  8  9 10 11 12 13 14 15 16 |
---------------+-------------------------------------------------+-----
Fighting       | 1 2 3 4 5 |  5.0
Dodging        | 2 4 5 6 7 8 |  8.4
Unarmed Combat | 4 5 6 8 9 11 12 13 14 15 16 | 16.6
Transmutations | 2 3 4 5 6 7 9 10 11 12 | 12.3
Spellcasting   | 2 3 4 5 6 7 8 |  8.0
Throwing       | 1 2 3 4 5 |  5.1
Armour         | 2 3 4 |  4.5
Translocations | 1 2 |  2.1
Shields        | 1 3 4 |  4.1
Invocations    | 1 4 5 |  5.6
Conjurations   | 2 |  2.1
Evocations     | |  0.3

Action                   |  1- 3 |  4- 6 |  7- 9 | 10-12 | 13-15 | 16-18 || total
-------------------------+-------+-------+-------+-------+-------+-------++-------
Melee: Unarmed           |    89 |   147 |   353 |   580 |   914 |   261 ||  2344
       Headbutt          |     4 |     8 |     9 |    14 |       |       ||    35
       Kick              |     4 |     9 |    43 |    37 |       |       ||    93
       Punch             |       |     1 |    10 |    21 |    49 |    14 ||    95
Throw: Javelin           |       |       |    30 |    17 |       |       ||    47
       Tomahawk          |       |       |     3 |     3 |    11 |    22 ||    39
       Large rock        |       |       |       |     8 |    91 |    14 ||   113
 Cast: Beastly Appendage |    12 |    24 |    41 |    35 |     1 |       ||   113
       Blade Hands       |       |       |       |    41 |    98 |    26 ||   165
       Blink             |       |       |       |       |    23 |     2 ||    25
       Irradiate         |       |       |       |       |       |     4 ||     4
Invok: Upheaval          |       |       |       |       |     8 |    11 ||    19
       Disaster Area     |       |       |       |       |       |     1 ||     1
 Abil: End Transformatio |       |       |       |       |     5 |     5 ||    10
Evoke: Wand              |       |       |       |       |     5 |       ||     5
  Use: Potion            |       |       |     2 |    10 |     3 |     4 ||    19
       Scroll            |       |       |    13 |     8 |    23 |     7 ||    51
 Stab: Sleeping          |       |     1 |     1 |       |       |       ||     2
       Invisible         |       |       |       |       |       |     1 ||     1
  Eat: Chunk             |    12 |    15 |    41 |    92 |   121 |    22 ||   303
       Meat ration       |       |       |       |       |       |     1 ||     1
       Royal jelly       |       |       |       |       |       |     1 ||     1
Armor: Robe              |    28 |    55 |   115 |    29 |       |       ||   227
       Troll leather arm |       |       |       |    94 |   226 |   176 ||   496
Dodge: Dodged            |    46 |    72 |   169 |   211 |   422 |   331 ||  1251
       Deflected         |       |       |       |     6 |    32 |     3 ||    41
Block: Other             |       |       |    17 |   131 |   379 |   225 ||   752
       Reflection        |       |       |       |    10 |    35 |       ||    45
